[Event "Titled Tuesday Blitz April 18 Late 2023"]
[White "ritanovikova"]
[Black "Ardila, Oscar Humberto"]
[BlackFideId "4404742"]
[WhiteElo "2123"]
[BlackElo "1918"]
[Result "1-0"]
[Round "06"]
[TimeControl "180+2"]
[Date "2023.04.18"]
[WhiteClock "0:00:13"]
[BlackClock "0:00:11"]

1. e4 e5 2. Nf3 Nf6 3. Nc3 Nc6 4. Bc4 Bb4 5. d3 d6 6. h3 O-O 7. O-O Qe7 8. Bg5 Bxc3 9. bxc3 Nd8 10. Re1 Ne6 11. Bxe6 Bxe6 12. d4 Rad8 13. d5 Bc8 14. c4 h6 15. Bd2 Nh5 16. Ng5 Nf4 17. Bxf4 exf4 18. Nf3 Qf6 19. e5 dxe5 20. Nxe5 Rfe8 21. Ng4 Qc3 22. Rxe8+ Rxe8 23. Qf1 Bf5 24. Nh2 Qxc2 25. Qc1 Qxc1+ 26. Rxc1 Re2 27. a3 Be4 28. f3 Bd3 29. Ng4 f5 30. Nf2 Rc2 31. Nxd3 Rd2 32. Nxf4 Ra2 33. Rc3 Kf7 34. Nd3 Kf6 35. Nc5 b6 36. Na6 Ke7 37. Nxc7 Kd6 38. Ne6 g5 39. Nd4 Ke5 40. Nb5 Kf4 41. Kh2 h5 42. Nc7 h4 43. Ne6+ Ke5 44. Re3+ Kd6 45. Nd4 f4 46. Nf5+ Kc5 47. Rc3 a6 48. d6 Kc6 49. Rd3 Kd7 50. Nh6 Rc2 51. Nf7 Rxc4 52. Ne5+ Ke6 53. Nxc4 1-0


[Site "https://www.chess.com"]

[Event "Titled Tuesday Blitz April 18 Late 2023"]
[White "Sarkar, Justin"]
[Black "Govender, Kaedan"]
[WhiteFideId "2010011"]
[BlackFideId "14322072"]
[WhiteElo "2189"]
[BlackElo "1972"]
[Result "1-0"]
[Round "06"]
[TimeControl "180+2"]
[Date "2023.04.18"]
[WhiteClock "0:00:06"]
[BlackClock "0:01:37"]

1. e4 c5 2. Nf3 a6 3. c3 e6 4. d4 d5 5. e5 Nc6 6. Be2 Nge7 7. h4 Nf5 8. g4 Nh6 9. Rg1 Be7 10. h5 f6 11. exf6 gxf6 12. Bxh6 cxd4 13. cxd4 Qb6 14. Qd2 Bd7 15. Nc3 Nb4 16. a3 Nc6 17. b4 Rg8 18. Na4 Qd8 19. Nc5 b6 20. Nxd7 Qxd7 21. Rc1 Rc8 22. Bxa6 Rc7 23. Bb5 Kf7 24. Qf4 Bd6 25. Qe3 Qe7 26. Rxc6 Rgc8 27. Rxc7 Rxc7 28. Kf1 Ra7 29. Kg2 Kg8 30. Nd2 Bb8 31. g5 Qd6 32. gxf6 Rf7 33. Qg3+ Kh8 34. Qxd6 Bxd6 35. Bg7+ Kg8 36. h6 Bf8 37. Nf3 Bxg7 38. fxg7 Rf6 39. Ne5 Rf5 40. Kf1 Rf6 41. Bd7 b5 42. Bxe6+ Rxe6 43. f4 Rf6 44. Rg4 Rf5 45. Ke2 Rf6 46. Ke3 Rxh6 47. f5 Rf6 48. Kf4 h5 49. Rg5 h4 50. Nc6 Rxc6 51. Ke5 Rc7 52. f6 Rc8 53. Rh5 Kf7 54. Rxh4 Re8+ 55. Kf5 Rd8 56. Rh8 Rg8 57. Rxg8 Kxg8 58. Ke6 Kh7 59. Kf7 Kh6 60. g8=Q Kh5 61. Qg3 Kh6 62. Qh4# 1-0


[Site "https://www.chess.com"]

[Event "Titled Tuesday Blitz April 18 Late 2023"]
[White "Tyagi, Kushan"]
[Black "Burke, Paul"]
[WhiteFideId "2040069"]
[BlackFideId "2605767"]
[WhiteElo "2272"]
[BlackElo "1919"]
[Result "1-0"]
[Round "06"]
[TimeControl "180+2"]
[Date "2023.04.18"]
[WhiteClock "0:01:23"]
[BlackClock "0:00:10"]

1. d4 a6 2. e4 d6 3. c4 g6 4. Nc3 Nd7 5. Nge2 Bg7 6. f3 h6 7. Be3 e5 8. Qd2 Ne7 9. g4 f5 10. gxf5 gxf5 11. Bh3 f4 12. Bf2 Nf6 13. Bxc8 Qxc8 14. Rg1 Kf7 15. O-O-O Qh3 16. Nxf4 exf4 17. Qxf4 Qe6 18. e5 Ng6 19. Rxg6 Kxg6 20. Rg1+ Kf7 21. Bh4 Rhf8 22. Ne4 Ke8 23. Rxg7 Qxc4+ 24. Nc3 1-0


[Site "https://www.chess.com"]

[Event "Titled Tuesday Blitz April 18 Late 2023"]
[White "Dias, Joao Batista"]
[Black "Alexikov, Alexander"]
[WhiteFideId "2108240"]
[BlackFideId "14103958"]
[WhiteElo "1907"]
[BlackElo "2186"]
[Result "0-1"]
[Round "06"]
[TimeControl "180+2"]
[Date "2023.04.18"]
[WhiteClock "0:01:17"]
[BlackClock "0:01:20"]

1. e4 c5 2. Nf3 d6 3. d4 Nf6 4. dxc5 Nxe4 5. cxd6 Nc6 6. Bd3 Nxd6 7. O-O Bf5 8. Bxf5 Nxf5 9. Qxd8+ Rxd8 10. c3 e5 11. Nbd2 f6 12. Ne4 Nd6 13. Nxd6+ Bxd6 14. Be3 Ke7 15. Rad1 Ke6 16. g3 b6 17. Kg2 Ne7 18. Rfe1 Nf5 19. Bc1 Kf7 20. h4 h5 21. Nd2 Be7 22. Ne4 Ke6 23. Kf3 b5 24. a3 a6 25. Ke2 a5 26. Rxd8 Rxd8 27. Rd1 Rxd1 28. Kxd1 Kd5 29. Nd2 a4 30. Ke2 Bc5 31. Nf3 e4 32. Nd2 e3 33. fxe3 Bxe3 34. Kd1 Nxg3 35. Nf3 Bxc1 36. Kxc1 Nf5 37. Kd2 Ke4 38. Ke2 Kf4 39. Kf2 g5 40. hxg5 fxg5 41. Ne1 Ke4 42. Nf3 g4 43. Ne1 h4 0-1


[Site "https://www.chess.com"]

[Event "Titled Tuesday Blitz April 18 Late 2023"]
[White "Fuzesabonyilaci"]
[Black "karpovian123"]
[WhiteElo "2325"]
[BlackElo "2437"]
[Result "0-1"]
[Round "06"]
[TimeControl "180+2"]
[Date "2023.04.18"]
[WhiteClock "0:00:10"]
[BlackClock "0:01:24"]

1. e4 c6 2. d4 d5 3. Nc3 dxe4 4. Nxe4 Nf6 5. Nxf6+ exf6 6. Bf4 Bd6 7. Qd2 O-O 8. Bd3 Re8+ 9. Ne2 a5 10. O-O Na6 11. a3 Nc7 12. c4 Bg4 13. f3 Bh5 14. Ng3 Bg6 15. Bxd6 Qxd6 16. Bxg6 hxg6 17. Ne4 Qd7 18. Rfd1 Rad8 19. Rac1 b6 20. c5 f5 21. Nd6 Re6 22. cxb6 Rxd6 23. bxc7 Qxc7 24. Rc5 Rxd4 25. Qxd4 Rxd4 26. Rxd4 Qb6 27. Rdc4 Qxb2 28. h4 Qe2 29. Rxc6 Qe1+ 30. Kh2 Qe5+ 31. Kh3 f4 32. R6c5 Qe6+ 33. Kh2 Qf6 34. Kh3 Kh7 35. Rxa5 Qe6+ 36. Kh2 Qxc4 37. Ra8 Qf1 38. a4 Qf2 39. a5 Qxh4+ 40. Kg1 Qe1+ 41. Kh2 g5 42. a6 f5 43. a7 Qa1 44. g3 fxg3+ 45. Kxg3 Kg6 46. f4 g4 47. Kf2 Qb2+ 48. Ke3 Qc3+ 49. Ke2 Qc2+ 50. Ke3 Qe4+ 51. Kf2 Qxa8 52. Kg3 Qxa7 53. Kh4 Qf2# 0-1


[Site "https://www.chess.com"]

[Event "Titled Tuesday Blitz April 18 Late 2023"]
[White "Stanisz, Patryk"]
[Black "Manon-og, Ramon Jr."]
[WhiteFideId "1123106"]
[BlackFideId "5200776"]
[WhiteElo "2069"]
[BlackElo "2374"]
[Result "1-0"]
[Round "06"]
[TimeControl "180+2"]
[Date "2023.04.18"]
[WhiteClock "0:02:19"]
[BlackClock "0:01:05"]

1. Nf3 Nc6 2. d4 d5 3. c4 dxc4 4. Nc3 Bg4 5. e3 Bxf3 6. gxf3 e5 7. d5 Bb4 8. dxc6 bxc6 9. Bxc4 Qxd1+ 10. Kxd1 Nf6 11. Ke2 O-O 12. Bd2 Bc5 13. Ne4 Nxe4 14. fxe4 Rad8 15. Bc3 Bd6 16. Rhf1 Rfe8 17. Rad1 c5 18. Bb5 Re7 19. Bc6 f6 20. f4 exf4 21. exf4 f5 22. e5 Bxe5 23. Rxd8+ Kf7 24. Bxe5 Rxe5+ 25. fxe5 Ke7 26. Rd7+ Ke6 27. Rxc7 Kxe5 28. Rxa7 c4 29. Rxg7 h6 30. Rf7 Ke6 31. R1xf5 1-0


[Site "https://www.chess.com"]

[Event "Titled Tuesday Blitz April 18 Late 2023"]
[White "Michalski, Olaf"]
[Black "Kujawski, Adam"]
[WhiteFideId "1106740"]
[BlackFideId "1100920"]
[WhiteElo "2173"]
[BlackElo "2054"]
[Result "0-1"]
[Round "06"]
[TimeControl "180+2"]
[Date "2023.04.18"]
[WhiteClock "0:00:01"]
[BlackClock "0:00:06"]

1. d4 Nf6 2. Nf3 c5 3. d5 e6 4. Nc3 exd5 5. Nxd5 Nxd5 6. Qxd5 Be7 7. e4 Nc6 8. c3 O-O 9. Bf4 d6 10. Bc4 Na5 11. Be2 Be6 12. Qh5 Qb6 13. b3 Rad8 14. Rd1 Rfe8 15. O-O g6 16. Qh6 Bf8 17. Qh4 Bg7 18. Ng5 h5 19. c4 Nc6 20. Rfe1 Nd4 21. Bf1 Bg4 22. f3 Be6 23. Be3 Qc7 24. g3 Qe7 25. Bg2 Bf6 26. f4 Bg4 27. Rd2 Bxg5 28. fxg5 Nf3+ 29. Bxf3 Bxf3 30. Bf4 Bxe4 31. g4 d5 32. cxd5 Qd7 33. gxh5 gxh5 34. Qxh5 Bg6 35. Qf3 Qf5 36. Rxe8+ Rxe8 37. Kf2 Re4 38. Be3 Qe5 39. d6 Qxh2+ 0-1


[Site "https://www.chess.com"]

[Event "Titled Tuesday Blitz April 18 Late 2023"]
[White "Rose, Felix"]
[Black "Manfroi, Alexander Giannini"]
[WhiteFideId "5105722"]
[BlackFideId "22739335"]
[WhiteElo "2039"]
[BlackElo "1618"]
[Result "1-0"]
[Round "06"]
[TimeControl "180+2"]
[Date "2023.04.18"]
[WhiteClock "0:01:06"]
[BlackClock "0:00:09"]

1. e4 c5 2. Nf3 Nc6 3. d4 cxd4 4. Nxd4 e5 5. Nb5 a6 6. Nd6+ Bxd6 7. Qxd6 Qf6 8. Qxf6 Nxf6 9. Nc3 Nb4 10. Bd3 Nxd3+ 11. cxd3 O-O 12. f4 d6 13. O-O b5 14. f5 Bb7 15. Bg5 Rfd8 16. Bxf6 gxf6 17. Kf2 Rac8 18. Rfc1 Kf8 19. b4 Ke7 20. a4 Bc6 21. axb5 Bxb5 22. Nd5+ Kf8 23. Ke3 Kg7 24. h4 Bc6 25. Ne7 Bb7 26. Nxc8 Bxc8 27. Rc7 d5 28. Rac1 Bd7 29. Ra7 Bb5 30. Rcc7 d4+ 31. Kd2 Kh6 32. Rxf7 Kh5 33. Rxh7+ Kg4 34. Ke2 Kf4 35. Rag7 Bxd3+ 36. Kxd3 Rc8 37. Rc7 Rb8 38. Rc4 Rg8 39. Rc6 Rg3+ 40. Kc4 Kxe4 41. b5 Rc3+ 42. Kb4 axb5 43. Rxc3 dxc3 44. Kxc3 Kxf5 45. h5 Kg5 46. Rh8 f5 47. h6 Kg6 48. Re8 e4 49. Re5 Kf7 50. Rxf5+ Kg6 51. h7 e3 52. h8=Q 1-0


[Site "https://www.chess.com"]

[Event "Titled Tuesday Blitz April 18 Late 2023"]
[White "BebeBonito2022"]
[Black "Sanchez, Robert"]
[BlackFideId "2034360"]
[WhiteElo "2196"]
[BlackElo "1954"]
[Result "0-1"]
[Round "06"]
[TimeControl "180+2"]
[Date "2023.04.18"]
[WhiteClock "0:00:48"]
[BlackClock "0:00:38"]

1. d4 Nf6 2. c4 e6 3. Nc3 Bb4 4. e3 b6 5. Ne2 Ba6 6. a3 Bxc3+ 7. Nxc3 d5 8. b3 O-O 9. Be2 dxc4 10. bxc4 Nc6 11. O-O Na5 12. Qa4 Qd7 13. Nb5 Ne4 14. Qb4 c6 15. Nc3 c5 16. dxc5 Nxc5 17. Rd1 Qe7 18. Rb1 Bb7 19. f3 Rfd8 20. Bd2 Qg5 21. Qb2 Nab3 22. Qc2 Rxd2 0-1


[Site "https://www.chess.com"]

[Event "Titled Tuesday Blitz April 18 Late 2023"]
[White "Caruana, Fabiano"]
[Black "Nakamura, Hikaru"]
[WhiteFideId "2020009"]
[BlackFideId "2016192"]
[WhiteElo "2837"]
[BlackElo "2885"]
[Result "1-0"]
[Round "07"]
[TimeControl "180+2"]
[Date "2023.04.18"]
[WhiteClock "0:00:07"]
[BlackClock "0:00:05"]

1. d4 Nf6 2. c4 e6 3. Nf3 Bb4+ 4. Bd2 c5 5. Bxb4 cxb4 6. g3 b6 7. Bg2 Bb7 8. O-O a5 9. a3 Na6 10. Nbd2 O-O 11. Re1 d6 12. e4 Qc7 13. Qb3 e5 14. h3 Rfe8 15. Qe3 g6 16. Qh6 Qe7 17. Rad1 Rac8 18. Qe3 Nd7 19. h4 exd4 20. Nxd4 Ndc5 21. Nb5 Rcd8 22. Qd4 Bc6 23. Nf1 bxa3 24. bxa3 Bxb5 25. cxb5 Nc7 26. Qc4 d5 27. exd5 Qxe1 28. Rxe1 Rxe1 29. Kh2 Re7 30. Ne3 Ne8 31. Qd4 f5 32. Nc4 Ne4 33. Nxb6 N8d6 34. a4 Kf7 35. Nc4 Nxc4 36. Qxc4 Nd6 37. Qc3 Ra7 38. b6 Rb7 39. Qxa5 Nc8 40. Qc5 Rxb6 41. Qc7+ Ke8 42. a5 Rbd6 43. Qxh7 Ne7 44. Bf1 Rxd5 45. Bc4 Re5 46. Qf7+ Kd7 47. Qf6 Nc6 48. a6 Kc7 49. Qxg6 Re7 50. Qg5 Re5 51. Kg2 Kb6 52. Qg7 Re7 53. Qb2+ Ka7 54. Qb5 Rc7 55. Qc5+ Kb8 56. Qb6+ Kc8 57. Be6+ Rdd7 58. Bxd7+ Kxd7 59. Qb5 Kd6 60. Qxf5 Nb4 61. Qf4+ 1-0


[Site "https://www.chess.com"]

[Event "Titled Tuesday Blitz April 18 Late 2023"]
[White "Vachier-Lagrave, Maxime"]
[Black "Deac, Bogdan-Daniel"]
[WhiteFideId "623539"]
[BlackFideId "1226380"]
[WhiteElo "2740"]
[BlackElo "2649"]
[Result "1-0"]
[Round "07"]
[TimeControl "180+2"]
[Date "2023.04.18"]
[WhiteClock "0:00:34"]
[BlackClock "0:00:02"]

1. c4 Nf6 2. g3 e6 3. Bg2 d5 4. Nf3 Be7 5. O-O O-O 6. d4 dxc4 7. Qc2 b5 8. a4 Bb7 9. axb5 a6 10. Nc3 axb5 11. Rxa8 Bxa8 12. Nxb5 Bd5 13. Re1 Nc6 14. Bd2 Bxf3 15. Bxf3 Nxd4 16. Nxd4 Qxd4 17. Be3 Qe5 18. Rd1 Qb5 19. Bd4 Rd8 20. Bc3 Rxd1+ 21. Qxd1 Nd5 22. Bd4 h6 23. Qa1 Bf6 24. Qa8+ Kh7 25. Be4+ g6 26. Qf8 Qd7 27. Bxg6+ Kxg6 28. Qg8+ Kh5 29. h3 e5 30. Bc5 Bg5 31. f3 Nf4 32. gxf4 Qd1+ 33. Kg2 Qxe2+ 34. Bf2 e4 35. Qxf7# 1-0


[Site "https://www.chess.com"]

[Event "Titled Tuesday Blitz April 18 Late 2023"]
[White "Yoo, Christopher Woojin"]
[Black "Martinez Alcantara, Jose Eduardo"]
[WhiteFideId "30909694"]
[BlackFideId "3805662"]
[WhiteElo "2519"]
[BlackElo "2711"]
[Result "1-0"]
[Round "07"]
[TimeControl "180+2"]
[Date "2023.04.18"]
[WhiteClock "0:00:02"]
[BlackClock "0:00:02"]

1. e4 c5 2. Nf3 d6 3. d4 cxd4 4. Nxd4 a6 5. Nc3 e6 6. g4 Nf6 7. g5 Nfd7 8. h4 b5 9. Bg2 Bb7 10. Be3 b4 11. Nce2 Nc5 12. Ng3 d5 13. exd5 Bxd5 14. Bxd5 Qxd5 15. Qf3 Qxf3 16. Nxf3 Nbd7 17. O-O-O Be7 18. Rd4 Rc8 19. Kb1 a5 20. Ne4 Nxe4 21. Rxe4 Bc5 22. Rd1 Bxe3 23. Rxe3 Ke7 24. Nd4 Rc5 25. Nb3 Rb5 26. Nd4 Rc5 27. Nb3 Rb5 28. c4 bxc3 29. Rxc3 Rd8 30. a4 Rd5 31. Rxd5 exd5 32. Nxa5 Ra8 33. b4 Nb6 34. Ra3 Kd7 35. Kc2 Re8 36. Kd3 Re4 37. Kc3 Rxh4 38. Nb3 Rc4+ 39. Kd3 Rxb4 40. a5 Nc4 41. a6 Nxa3 42. Nc5+ Kc7 43. a7 Ra4 44. Nxa4 Kb7 45. Nb6 Kxa7 46. Nxd5 Nb5 47. Kc4 Nd6+ 48. Kd4 Kb7 49. Ne3 Kc6 50. Ke5 Kd7 51. f4 Nc8 52. Nf5 g6 53. Nh6 Ke8 54. Kf6 Nd6 55. Kg7 Ke7 56. Kxh7 Ke6 57. Kg7 Ke7 58. Ng8+ Ke6 59. Nh6 Ke7 60. Kg8 Ke6 61. Kf8 Nc4 62. Nxf7 Kf5 63. Kg7 Kxf4 64. Kxg6 Ke4 65. Kf6 Ne3 66. g6 Nd5+ 67. Kg5 Ne7 68. g7 Kd5 69. Nd8 Kd6 70. Kf6 Kd7 71. Ne6 Ng8+ 72. Kf7 Nh6+ 73. Kg6 Ng8 74. Nd4 Ke8 75. Nf5 Kd7 76. Kf7 1-0


[Site "https://www.chess.com"]

[Event "Titled Tuesday Blitz April 18 Late 2023"]
[White "Carlsen, Magnus"]
[Black "Hakobyan, Aram"]
[WhiteFideId "1503014"]
[BlackFideId "13306677"]
[WhiteElo "2852"]
[BlackElo "2584"]
[Result "1-0"]
[Round "07"]
[TimeControl "180+2"]
[Date "2023.04.18"]
[WhiteClock "0:01:25"]
[BlackClock "0:00:03"]

1. c4 g6 2. e4 e5 3. Nc3 Nc6 4. g3 Bg7 5. Bg2 d6 6. d3 Nge7 7. Nge2 O-O 8. O-O f5 9. Be3 Be6 10. Nd5 Qd7 11. Qd2 Rf7 12. f3 Raf8 13. Rac1 b6 14. b4 a5 15. b5 Nd8 16. Bg5 Bxd5 17. cxd5 Nb7 18. Bh3 h6 19. Be3 Qd8 20. d4 g5 21. Qc2 g4 22. fxg4 fxe4 23. Rxf7 Rxf7 24. g5 Nxd5 25. g6 Rf3 26. Qxe4 Rxe3 27. Qxd5+ Kh8 28. Qxb7 Rxe2 29. Rxc7 Qg8 30. Rc8 Bf8 31. Rxf8 Re1+ 32. Bf1 Rxf1+ 33. Rxf1 1-0


[Site "https://www.chess.com"]

[Event "Titled Tuesday Blitz April 18 Late 2023"]
[White "Paravyan, David"]
[Black "Firouzja, Alireza"]
[WhiteFideId "4194985"]
[BlackFideId "12573981"]
[WhiteElo "2563"]
[BlackElo "2904"]
[Result "1/2-1/2"]
[Round "07"]
[TimeControl "180+2"]
[Date "2023.04.18"]
[WhiteClock "0:00:17"]
[BlackClock "0:00:07"]

1. d4 Nf6 2. c4 g6 3. h4 Bg7 4. Nc3 d6 5. e4 c5 6. d5 e6 7. Be2 exd5 8. exd5 h5 9. Bg5 a6 10. Nf3 O-O 11. O-O Re8 12. Re1 b6 13. Bd3 Bg4 14. Ne4 Nbd7 15. Nxd6 Rxe1+ 16. Qxe1 Bxf3 17. gxf3 Qf8 18. Ne4 Re8 19. Kg2 Nh7 20. Qd2 f5 21. Ng3 Nxg5 22. hxg5 Ne5 23. Re1 h4 24. Nf1 h3+ 25. Kxh3 Nxf3 26. Rxe8 Qxe8 27. Qf4 Nd4 28. Qe3 Qd7 29. Kg2 Bf8 30. Ng3 Bd6 31. f4 Kf8 32. Ne2 Nxe2 33. Bxe2 Qg7 34. Qe6 Qe7 35. Qxe7+ Kxe7 36. Kf3 Kf7 37. a3 a5 38. Bd1 Kg7 39. Ba4 Kf7 40. Bb5 Bc7 41. Bd7 Bd6 42. Bc6 Bc7 43. Bb5 Bd6 44. Ba4 Bc7 45. Bd7 Bd6 46. Be6+ Kg7 47. Bc8 Kf7 48. Bd7 Bc7 49. Ba4 Bd6 50. Bb5 Bc7 51. Ba4 Bd6 1/2-1/2


[Site "https://www.chess.com"]

[Event "Titled Tuesday Blitz April 18 Late 2023"]
[White "Suleymanli, Aydin"]
[Black "Duda, Jan-Krzysztof"]
[WhiteFideId "13413937"]
[BlackFideId "1170546"]
[WhiteElo "2559"]
[BlackElo "2790"]
[Result "1-0"]
[Round "07"]
[TimeControl "180+2"]
[Date "2023.04.18"]
[WhiteClock "0:00:05"]
[BlackClock "0:00:01"]

1. e4 e6 2. d4 d5 3. Nd2 c5 4. Ngf3 cxd4 5. exd5 Qxd5 6. Bc4 Qd6 7. O-O Nc6 8. Nb3 Nf6 9. Re1 Be7 10. Nbxd4 Nxd4 11. Nxd4 O-O 12. c3 Qc7 13. Qe2 b6 14. Bg5 Kh8 15. Bh4 Bb7 16. Rad1 Rad8 17. f3 Nh5 18. Bxe7 Qxe7 19. Qe5 Nf6 20. Nf5 Qc5+ 21. Qxc5 bxc5 22. Nd6 Bd5 23. Bxd5 exd5 24. Nb7 Rb8 25. Re7 c4 26. g4 h6 27. h4 Rfe8 28. Rxf7 Kg8 29. Rc7 Re2 30. g5 hxg5 31. hxg5 Rxb2 32. gxf6 R2xb7 33. Rxg7+ Rxg7+ 34. fxg7 Rb5 35. Kf2 Kxg7 36. Ke3 Ra5 37. Kd4 Kf6 38. Rd2 Kf5 39. Re2 Kf4 40. Re5 Rxa2 41. Rxd5 Ra4 42. Rd7 Kxf3 43. Re7 a5 44. Kc5 Kf4 45. Kb5 Ra1 46. Kxc4 a4 47. Kb4 a3 48. Kb3 1-0


[Site "https://www.chess.com"]

[Event "Titled Tuesday Blitz April 18 Late 2023"]
[White "Bluebaum, Matthias"]
[Black "Rustemov, Alexander"]
[WhiteFideId "24651516"]
[BlackFideId "4119002"]
[WhiteElo "2638"]
[BlackElo "2867"]
[Result "1-0"]
[Round "07"]
[TimeControl "180+2"]
[Date "2023.04.18"]
[WhiteClock "0:02:43"]
[BlackClock "0:01:43"]

1. d4 d5 2. c4 c6 3. Nf3 Nf6 4. Nc3 a6 5. Qc2 e6 6. e4 dxe4 7. Nxe4 Nbd7 8. Bd3 Be7 9. O-O O-O 10. b3 b6 11. Bf4 h6 12. Nd6 Qc7 13. c5 Nd5 14. Bh7+ Kh8 15. Nxf7+ Rxf7 16. Bxc7 Nxc7 17. cxb6 Nxb6 18. Ne5 Rf6 19. Ng6+ Kxh7 20. Nxe7+ Kh8 21. Qxc6 Nbd5 22. Nxd5 1-0


[Site "https://www.chess.com"]

[Event "Titled Tuesday Blitz April 18 Late 2023"]
[White "Xiong, Jeffery"]
[Black "Andreikin, Dmitry"]
[WhiteFideId "2047640"]
[BlackFideId "4158814"]
[WhiteElo "2726"]
[BlackElo "2736"]
[Result "1-0"]
[Round "07"]
[TimeControl "180+2"]
[Date "2023.04.18"]
[WhiteClock "0:00:55"]
[BlackClock "0:00:01"]

1. e4 e5 2. Nf3 Nc6 3. Nc3 Nf6 4. d4 exd4 5. Nxd4 Nxe4 6. Nxe4 Qe7 7. Bd3 Nxd4 8. O-O Ne6 9. Re1 d5 10. Ng3 g6 11. f4 Bd7 12. f5 gxf5 13. Nxf5 Qf6 14. Bf4 O-O-O 15. Be5 Bc5+ 16. Kh1 Qg5 17. Bxh8 Rxh8 18. Qf3 Rg8 19. Re5 Qf4 20. Qxf4 Nxf4 21. Rf1 Rxg2 22. Ne7+ Kd8 23. Nxd5 Bc6 24. Be4 Bxd5 25. Rxd5+ Nxd5 26. Bxg2 Ne3 27. Rxf7 h6 28. Bxb7 Nxc2 29. Be4 Nd4 30. Rh7 Bf8 31. Rf7 Bd6 32. Rf6 h5 33. Rh6 Ne2 34. Rxh5 Ke7 35. Ra5 Kf6 36. Rxa7 Ke5 37. Bf3 Nd4 38. Bd1 Kf4 39. Ra4 Ke3 40. Kg2 c5 41. Ra3+ Kd2 42. Bg4 c4 43. Rc3 1-0


[Site "https://www.chess.com"]

[Event "Titled Tuesday Blitz April 18 Late 2023"]
[White "Gaehwiler, Gabriel"]
[Black "Rasulov, Vugar"]
[WhiteFideId "1314530"]
[BlackFideId "13402390"]
[WhiteElo "2437"]
[BlackElo "2509"]
[Result "1/2-1/2"]
[Round "07"]
[TimeControl "180+2"]
[Date "2023.04.18"]
[WhiteClock "0:00:12"]
[BlackClock "0:00:16"]

1. d4 Nf6 2. Nf3 c5 3. e3 g6 4. b3 Bg7 5. Bb2 O-O 6. dxc5 Qa5+ 7. Nbd2 Qxc5 8. c4 d6 9. Be2 Qc7 10. O-O Nc6 11. Rc1 a5 12. Nd4 a4 13. Bc3 axb3 14. axb3 Bd7 15. Qc2 Nxd4 16. Bxd4 Bc6 17. Qb2 h5 18. Bf3 e5 19. Bc3 Ng4 20. h3 Nh6 21. b4 Nf5 22. Bd5 Bxd5 23. cxd5 Qd7 24. b5 Rfc8 25. Rfd1 Rc5 26. b6 Rb5 27. Qc2 Rc8 28. Qa4 Qe8 29. Qa7 Ne7 30. Ne4 Qd7 31. Qa4 Nf5 32. Rb1 Rxb1 33. Qxd7 Rxd1+ 34. Kh2 Rc4 35. Qd8+ Bf8 36. Nf6+ Kg7 37. Ne8+ Kg8 38. Nf6+ Kg7 39. Ne8+ Kh7 40. Nf6+ Kg7 1/2-1/2


[Site "https://www.chess.com"]

[Event "Titled Tuesday Blitz April 18 Late 2023"]
[White "Bortnyk, Olexandr"]
[Black "Djordjevic, Vuk"]
[WhiteFideId "14120828"]
[BlackFideId "902098"]
[WhiteElo "2734"]
[BlackElo "2452"]
[Result "0-1"]
[Round "07"]
[TimeControl "180+2"]
[Date "2023.04.18"]
[WhiteClock "0:00:04"]
[BlackClock "0:00:03"]

1. d4 Nf6 2. Nc3 d5 3. Bf4 a6 4. e3 e6 5. a3 c5 6. Nf3 Nc6 7. h3 Bd6 8. dxc5 Bxc5 9. Bd3 O-O 10. O-O Qe7 11. e4 dxe4 12. Nxe4 Nxe4 13. Bxe4 e5 14. Re1 f6 15. Qd3 g6 16. Be3 Be6 17. Bxc6 bxc6 18. Qc3 Bxe3 19. Rxe3 Bd5 20. Rae1 Rfd8 21. Nh2 Qd6 22. Ng4 h5 23. Nh2 c5 24. Nf1 Qc6 25. Rg3 Kf7 26. Ne3 Be6 27. Nf1 Rd4 28. Nd2 Rad8 29. Nf3 Rd1 30. Rxd1 Rxd1+ 31. Kh2 e4 32. Ng1 Qd6 33. h4 g5 34. Kh1 gxh4 35. Re3 h3 36. gxh3 Qf4 37. Qxc5 Qxf2 38. Qc7+ Bd7 39. Qg3 Qxg3 40. Rxg3 f5 41. Kg2 f4 42. Rg5 Bc6 43. Kf2 e3+ 44. Ke2 Rd2+ 45. Ke1 Kf6 46. Rc5 Be4 47. Ne2 f3 48. Ng3 f2+ 49. Kf1 Rd1+ 50. Ke2 Re1# 0-1


[Site "https://www.chess.com"]

[Event "Titled Tuesday Blitz April 18 Late 2023"]
[White "Kramnik, Vladimir"]
[Black "Manukyan, Sargis A."]
[WhiteFideId "4101588"]
[BlackFideId "13303970"]
[WhiteElo "2712"]
[BlackElo "2187"]
[Result "0-1"]
[Round "07"]
[TimeControl "180+2"]
[Date "2023.04.18"]
[WhiteClock "0:00:02"]
[BlackClock "0:00:56"]

1. c4 Nf6 2. Nc3 c5 3. g3 Nc6 4. Bg2 g6 5. e3 Bg7 6. Nge2 O-O 7. O-O d6 8. b3 Rb8 9. Bb2 Bd7 10. d4 cxd4 11. exd4 a6 12. d5 Ne5 13. a4 b5 14. cxb5 axb5 15. axb5 Bxb5 16. Nxb5 Rxb5 17. Nd4 Rb7 18. Nc6 Qb6 19. Bxe5 dxe5 20. b4 e4 21. Rc1 Rc7 22. Re1 Bh6 23. Rc5 e6 24. Bxe4 exd5 25. Bxd5 Rd7 26. Ne7+ Kh8 27. Qb3 Re8 28. Rc6 Qd4 29. Rc4 Qd2 30. Rd1 Qe2 31. Qc2 Qxc2 32. Rxc2 Rexe7 33. Rc5 Nxd5 34. Rcxd5 Rxd5 35. Rxd5 Re1+ 36. Kg2 Rb1 37. b5 Rb2 38. Kf3 Kg7 39. h4 Bd2 40. g4 Be1 41. h5 gxh5 42. gxh5 Bxf2 43. Kg4 h6 44. Kf5 Bg1 45. Ke4 Kf6 46. Kd3 Ke6 47. Kc4 Rc2+ 0-1


[Site "https://www.chess.com"]

[Event "Titled Tuesday Blitz April 18 Late 2023"]
[White "Naroditsky, Daniel"]
[Black "Bilych, Olexiy"]
[WhiteFideId "2026961"]
[BlackFideId "14156504"]
[WhiteElo "2633"]
[BlackElo "2320"]
[Result "1-0"]
[Round "07"]
[TimeControl "180+2"]
[Date "2023.04.18"]
[WhiteClock "0:01:08"]
[BlackClock "0:00:20"]

1. d4 d5 2. Nc3 Nf6 3. Bf4 c5 4. e4 Nxe4 5. Nxe4 dxe4 6. dxc5 Qa5+ 7. c3 Qxc5 8. Qa4+ Nc6 9. Qxe4 g6 10. Nf3 Bg7 11. Rd1 O-O 12. Be3 Qa5 13. Bc4 Qf5 14. Qxf5 Bxf5 15. Bd5 Rfc8 16. h3 e6 17. Bb3 Be4 18. Ke2 Bxf3+ 19. Kxf3 Ne5+ 20. Ke2 b5 21. f4 Nc4 22. Bxc4 bxc4 23. Rd7 Rab8 24. Bc1 a5 25. Rhd1 e5 26. fxe5 Bxe5 27. R1d5 Re8 28. Kf3 Rb6 29. Bh6 Rf6+ 30. Kg4 Rf2 31. Rxe5 f5+ 32. Kg3 Rxg2+ 33. Kxg2 Rxe5 34. Rg7+ Kf8 35. Rxg6+ Ke8 36. Rg8+ Kf7 37. Rg7+ Kf6 38. Kf3 Rb5 39. Rg2 a4 40. Be3 a3 41. Bd4+ Ke6 42. bxa3 Ra5 43. Re2+ Kf7 44. Re5 Rxa3 45. Rxf5+ Ke6 46. Re5+ Kd6 47. Bc5+ 1-0


[Site "https://www.chess.com"]

[Event "Titled Tuesday Blitz April 18 Late 2023"]
[White "Drygalov, Andrey"]
[Black "Lazavik, Denis"]
[WhiteFideId "24171735"]
[BlackFideId "13515110"]
[WhiteElo "2466"]
[BlackElo "2560"]
[Result "0-1"]
[Round "07"]
[TimeControl "180+2"]
[Date "2023.04.18"]
[WhiteClock "0:00:01"]
[BlackClock "0:00:19"]

1. e4 c5 2. Nf3 e6 3. d4 cxd4 4. Nxd4 Nc6 5. Nc3 Qc7 6. Be2 a6 7. Nxc6 bxc6 8. Qd3 Nf6 9. Qg3 Qxg3 10. hxg3 d5 11. g4 Bb7 12. g5 Nxe4 13. Nxe4 dxe4 14. Bf4 Be7 15. O-O-O c5 16. Rh5 Rd8 17. Rdh1 Rd5 18. c4 Rf5 19. g3 g6 20. Rxh7 Rxh7 21. Rxh7 Bxg5 22. Bxg5 Rxg5 23. Kd2 Rf5 24. Ke3 a5 25. b3 Ke7 26. Rh8 Kd7 27. Rf8 Rf6 28. g4 e5 29. Rb8 Bc6 30. g5 Rf4 31. Rf8 Kc7 32. Bd1 Kb6 33. Be2 Rf5 34. Bd1 Kb7 35. Be2 a4 36. bxa4 Bxa4 37. Bg4 Rf4 38. Be2 Bd7 39. Rd8 Be6 40. a4 Rh4 41. a5 Bf5 42. Rf8 Rh3+ 43. Kd2 Be6 44. Re8 Ra3 45. Re7+ Ka6 46. Rc7 Rxa5 47. Ke3 Kb6 48. Re7 Kc6 49. Kxe4 Kd6 50. Rb7 Ra2 0-1


[Site "https://www.chess.com"]